 Dungeon Crawl Stone Soup version 0.29-a0-275-g389c0b56f3 (webtiles) character file.

Game seed: 6356924442835052268

40 drugrobin the Skirmisher (level 3, 0/31 HPs)
             Began as a Demigod Fighter on Mar 11, 2022.
             Slain by Natasha (5 damage)
             ... on level 2 of the Dungeon.
             The game lasted 00:02:01 (1525 turns).

drugrobin the Skirmisher (Demigod Fighter)          Turns: 1525, Time: 00:02:02

Health: 0/31       AC:  6    Str: 21    XL:     3   Next: 14%
Magic:  5/5        EV:  9    Int: 10    God:
Gold:   28         SH:  4    Dex: 13    Spells: 2/2 levels left

rFire   . . .      SeeInvis .   a - +0 war axe
rCold   . . .      Faith    .   c - +0 buckler
rNeg    + . .      Spirit   .   b - +0 scale mail
rPois   .          Reflect  .   (no helmet)
rElec   .          Harm     .   (no cloak)
rCorr   .          Rampage  .   (no gloves)
Will    .....                   (no boots)
Stlth   ..........              (no amulet)
HPRegen 0.10/turn               l - ring of positive energy
MPRegen 0.09/turn               (no ring)

@: slowed, very slow
A: high MP 1, forlorn, divine attributes
a: no special abilities


You were on level 2 of the Dungeon.
You visited 1 branch of the dungeon, and saw 2 of its levels.

You collected 28 gold pieces.

Inventory:

Hand Weapons
 a - a +0 war axe (weapon)
Missiles
 j - 116 stones (quivered)
Armour
 b - a +0 scale mail (worn)
 c - a +0 buckler (worn)
 g - an orb of mayhem
Jewellery
 l - a ring of positive energy (left hand)
Scrolls
 h - 2 scrolls of identify {unknown}
Potions
 d - a potion of might
 e - a potion of heal wounds {unknown}
 f - a potion of brilliance {unknown}
 i - 2 potions of resistance {unknown}
 k - a potion of curing {unknown}


   Skills:
 + Level 3.1 Fighting
 * Level 3.0 Axes
 - Level 2.6 Armour
 - Level 2.6 Shields


You had 2 spell levels left.
You didn't know any spells.
Your spell library was empty.

Dungeon Overview and Level Annotations

Branches:
Dungeon (2/15)

Annotations:
D:2 Natasha


Innate Abilities, Weirdness & Mutations

You have an increased reservoir of magic. (+10% MP)
You shall have no god before yourself.
Your divine heritage dramatically boosts your attributes as you level up.


Message History

You barely miss Natasha.
Natasha is lightly wounded.
You slash the iron imp! Natasha claws you but does no damage.
The iron imp hits you.
Unknown command.
Unknown command.
Unknown command.
You miss Natasha.
Natasha is lightly wounded.
You barely miss the iron imp. Natasha claws you.
The crimson imp shouts, "Scamper home, thou fulsome dread-bolted Cock-Lorel!"
The iron imp hits you!
Unknown command.
Unknown command.
Unknown command.
Natasha mumbles some strange words.
Natasha glows brightly for a moment.
Natasha casts a spell at you. The magic dart hits you.
* * * LOW HITPOINT WARNING * * *
Things that are here:
a +0 dagger; a kobold corpse Unknown command.
Unknown command.
Unknown command.
Natasha casts a spell at you.
You feel yourself slow down.
Unknown command.
Unknown command.
Unknown command.
Unknown command.
Unknown command.
You hit Natasha.
Natasha is moderately wounded.
Natasha claws you.
* * * LOW HITPOINT WARNING * * *
The crimson imp blinks!
Natasha hisses.
Natasha claws you.
You die...

#.....# ##.......
#.........#
#......[..#
#.........#
#.........#
#########.........#
#..<..5h@..5.....##
#..#...5##.........#
#....##.........#
#..>.##.........# #
......##.........# .#
###....##.........#
..# ?....###.......##
..#
##....####..>..####..#
..........)<รท..#


You could see 2 iron imps, Natasha and a crimson imp (summoned).

Vanquished Creatures
  2 adders (D:2)
  2 dart slugs (D:1)
  A bat (D:1)
  2 endoplasms (D:2)
  A giant cockroach (D:1)
  2 goblins
  A ball python (D:1)
  A frilled lizard (D:1)
  4 kobolds
  2 rats (D:1)
18 creatures vanquished.

Notes
Turn   | Place    | Note
-------+----------+-------------------------------------------
     0 | D:1      | drugrobin the Demigod Fighter began the quest for the Orb.
     0 | D:1      | Reached XP level 1. HP: 18/18 MP: 3/3
   507 | D:1      | Reached XP level 2. HP: 25/25 MP: 4/4
  1262 | D:2      | Reached XP level 3. HP: 12/31 MP: 5/5
  1515 | D:2      | Noticed Natasha
  1525 | D:2      | Slain by Natasha

Illustrated notes

Levels and vault maps discovered:
D:1:      kennysheep_arrival_seaside, layout_basic
D:2:      minmay_wonky_spiral, layout_rooms,
          hellmonk_ecumenical_altar_leap_of_faith, uniq_natasha, uniq_terence

Skill      XL: |  1  2  3 |
---------------+----------+-----
Axes           | 2 3 |  3.0
Fighting       | 3 |  3.1
Armour         | |  2.6
Shields        | |  2.6

Action                   || total
-------------------------++-------
Melee: War axe           ||    69
Armor: Scale mail        ||    37
Dodge: Dodged            ||    32
Block: Buckler           ||    16

Table legend: (Time is in decaauts)
 A = Elapsed time spent in this place.
 B = Non-inter-level travel time spent in this place.
 C = Inter-level travel time spent in this place.
 D = Time resting spent in this place.
 E = Time spent auto-exploring this place.
 F = Levels seen in this place.
 G = Mean time per level.
                   A        B        C        D        E       F      G
               +--------+--------+--------+--------+--------+-----+--------+
         Total |   1557 |   1513 |     44 |    348 |    920 |   2 |  778.5 |
       Dungeon |   1557 |   1513 |     44 |    348 |    920 |   2 |  778.5 |
               +--------+--------+--------+--------+--------+-----+--------+

Top non-repeatable levels by time:
     D:1: 1247 daAuts
     D:2: 310 daAuts
